 Dungeon Sprint DCSS version 0.27.1-33-g824d729ab1 (webtiles) character file.

Game seed: 17281805794068137265

263 Adenis the Carver (level 5, -8/58 HPs)
             Began as a Minotaur Berserker on Dec 4, 2021.
             Was a Believer of Trog.
             Mangled by a slime creature (20 damage)
             ... in the Dungeon (Sprint I: "Red Sonja").
             The game lasted 00:00:43 (593 turns).

Adenis the Carver (Minotaur Berserker)               Turns: 593, Time: 00:00:43

Health: -8/58      AC:  2    Str: 22    XL:     5   Next: 97%
Magic:  4/4        EV: 13    Int:  4    God:    Trog [**....]
Gold:   162        SH:  0    Dex: 10    Spells: 4/4 levels left

rFire    . . .     SeeInvis .   i - +2 dagger (venom)
rCold    . . .     Faith    .   (no shield)
rNeg     . . .     Spirit   .   b - +0 animal skin
rPois    .         Reflect  .   (helmet restricted)
rElec    .         Harm     .   (no cloak)
rCorr    .         Rampage  .   (no gloves)
Will     .....     NoTele   +   (no boots)
Stlth    +.........             (no amulet)
HPRegen  0.19/turn              (no ring)
MPRegen  0.09/turn              (no ring)

@: no status effects
A: horns 2, retaliatory headbutt
a: Renounce Religion, Berserk, Trog's Hand


You were in the Dungeon.
You worshipped Trog.
Trog was pleased with you.
You visited 1 branch You collected 162 gold pieces.

Inventory:

Hand Weapons
 a - a +0 falchion
 i - a +2 dagger of venom (weapon)
Armour
 b - a +0 animal skin (worn)
Scrolls
 h - a scroll of blinking
Potions
 c - a potion of curing
 d - a potion of heal wounds
 e - a potion of haste
 f - 2 potions of magic
 g - a potion of berserk rage


   Skills:
 + Level 9.7 Fighting
 + Level 2.1(6.1) Short Blades
 + Level 10.0(10.1) Long Blades
 + Level 5.2 Armour
 + Level 4.6 Dodging


You had 4 spell levels left.
You didn't know any spells.
Your spell library was empty.

Dungeon Overview and Level Annotations

Branches:
Dungeon (1/1)

Altars:
Makhleb
Xom
Jiyva
Lugonu


Innate Abilities, Weirdness & Mutations

You have a pair of horns on your head.
You reflexively headbutt those who attack you in melee.


Message History

You feel yourself slow down.
You start resting.
HP restored.
You start waiting.
You feel yourself speed up.
You open the door.
Found 108 gold pieces.
There is an open door here.
You now have 81 gold pieces (gained 27).
You now have 108 gold pieces (gained 27).
You now have 135 gold pieces (gained 27).
You now have 162 gold pieces (gained 27).
You open the door.
A slime creature comes into view.
The slime creature quivers.
Found four altars.
You're still recovering from your berserk rage.
You recover from your berserk rage.
The slime creature hits you!
There is an open door, spattered with blood here.
You hit the slime creature. You headbutt the slime creature.
The slime creature is lightly wounded.
The slime creature hits you!
You fail to use your ability.
The slime creature barely misses you. You furiously retaliate!
You headbutt the slime creature! You hit the slime creature.
The slime creature is moderately wounded.
The slime creature barely misses you. You furiously retaliate!
You headbutt the slime creature. You barely miss the slime creature.
The slime creature is moderately wounded.
You hit the slime creature.
The slime creature is moderately wounded.
The slime creature hits you!!
* * * LOW HITPOINT WARNING * * *
You hit the slime creature.
The slime creature is poisoned.
You headbutt the slime creature!
The slime creature is heavily wounded.
The slime creature hits you!!
You die...

###################
#<.#..)..#.)'..#__#
#..'[.#..'..#..@J.+
#..#####'#####+#__#
#..# #..# ### #..#
#### #..# #⌠⌠# ####


You could see a slime creature (very poisoned).

Vanquished Creatures
  Sigmund (D)
  An ogre (D)
  Ijyb (D)
3 creatures vanquished.

Notes
Turn   | Place    | Note
-------+----------+-------------------------------------------
     0 | D        | Adenis the Minotaur Berserker began the quest for the Orb.
     0 | D        | Reached XP level 1. HP: 19/19 MP: 0/0
     2 | D        | Noticed Ijyb
    10 | D        | Killed Ijyb
    11 | D        | Reached skill level 5 in Fighting
    11 | D        | Reached skill level 5 in Long Blades
    11 | D        | Reached XP level 2. HP: 21/29 MP: 1/1
   322 | D        | Noticed an ogre
   327 | D        | Killed an ogre
   328 | D        | Reached skill level 7 in Long Blades
   328 | D        | Reached XP level 3. HP: 40/40 MP: 2/2
   328 | D        | Reached XP level 4. HP: 48/48 MP: 3/3
   540 | D        | Noticed Sigmund
   546 | D        | Killed Sigmund
   546 | D        | Reached ** piety under Trog
   547 | D        | Reached skill level 10 in Long Blades
   547 | D        | Reached skill level 5 in Armour
   547 | D        | Reached XP level 5. HP: 58/58 MP: 4/4
   586 | D        | Found a burning altar of Makhleb.
   586 | D        | Found a viscous altar of Jiyva.
   586 | D        | Found a shimmering altar of Xom.
   586 | D        | Found a corrupted altar of Lugonu.
   586 | D        | Noticed a slime creature
   593 | D        | Mangled by a slime creature

Illustrated notes

Levels and vault maps discovered:
D:        dungeon_sprint_1 [red_sonja_temple_1, red_sonja_temple_small_1]

Skill      XL: |  1  2  3  4 |
---------------+-------------+-----
Fighting       | 5 7 9 |  9.7
Long Blades    | 5 7 10 | 10.0
Armour         | 3 4 5 |  5.2
Dodging        | 3 4 |  4.6
Short Blades   | 2 |  2.1

Action                   |  1- 3 |  4- 6 || total
-------------------------+-------+-------++-------
Melee: Falchion          |     6 |       ||     6
       Headbutt          |     2 |     3 ||     5
       Dagger            |     4 |     8 ||    12
Invok: Berserk           |     2 |     1 ||     3
Dodge: Dodged            |     3 |     3 ||     6
